cohdb
Replays
Latest Replays
All Replays
Popular Replays
Top Player Replays
Match Explorer
How It Works
Community
CoH3 Stats
Reddit
Sign in to upload your games and track your stats! →
Sign in with Steam
Match 38960232
Unlisted
Match 38960232
Overview
Messages
Build Orders
End
Selects Italian Combined Arms Battlegroup
Selects Bersaglieri Squad
Bersaglieri Squad
Panzerpioneer Squad
Bersaglieri Squad
Construct Light Support Kompanie
MG34 Team
2.5-tonne Medical Truck
Fire Support Elements
Pak 38 Mechanized Group
Selects Semovente da 75/18 Assault Gun
Selects Strafing Run
Construct Panzerarmee Kommand
Panzer III L Medium Tank
Assault Mechanized Group
2.5-tonne Medical Truck
Selects Artillery Cover
Artillery Cover
Strafing Run
Flak 36 Anti-tank Gun Team
Strafing Run
Walking Stuka Rocket Launcher
UH|dun! ツ
UH|XTC
OnlyJustWhite
RIZAs
Ch1ka.
[Legio I Germanica] -=]bUc$[=-
0
0
Comments
sign in to comment!
No comments posted yet!